 Dungeon Crawl Stone Soup version 0.32-a0-42-ga30500b4d3 (webtiles) character file.

Game seed: 4438522527404222385

527 whatisthis the Vexing (level 7, -2/52 HPs)
             Began as a Gnoll Hexslinger on Jan 27, 2024.
             Slain by an orc warrior
             ... wielding a +0 glaive
              (18 damage)
             ... on level 7 of the Dungeon.
             The game lasted 00:16:19 (3425 turns).

whatisthis the Vexing (Gnoll Hexslinger)            Turns: 3425, Time: 00:16:19

Health: -2/52      AC:  7    Str:  7    XL:     7   Next: 23%
Magic:  3/12       EV: 13    Int: 15    God:
Gold:   142        SH:  0    Dex: 14    Spells: 8/13 levels left

rFire   . . .        x - +3 spear of the Hurling Wasp {venom, rCorr Int+2}
rCold   . . .        (no shield)
rNeg    . . .        f - +0 leather armour
rPois   .            (helmet restricted)
rElec   .            (no cloak)
rCorr   +            (no gloves)
SInv    .            (no boots)
Will    .....        (no amulet)
Stlth   ++           o - +4 ring of protection
HPRegen 0.28/turn    A - +4 ring of slaying
MPRegen 0.13/turn

%: clarity
@: no status effects
A: fangs 1, strong nose, distributed training, horns 1, clarity, clumsy 1
a: no special abilities


You were on level 7 of the Dungeon.
You visited 1 branch of the dungeon, and saw 5 of its levels.

You collected 142 gold pieces.

Inventory:

Hand Weapons
 a - a +1 sling
 x - the +3 spear of the Hurling Wasp (weapon) {venom, rCorr Int+2}
   (You found it on level 3 of the Dungeon)

   Int+2:     It affects your intelligence (+2).
   rCorr:     It protects you from acid and corrosion.
Armour
 f - a +0 leather armour (worn)
 s - a +0 helmet
 w - a +0 ring mail
Jewellery
 o - a +4 ring of protection (left hand)
 v - an amulet of guardian spirit
 A - a +4 ring of slaying (right hand)
Wands
 q - a wand of polymorph (3)
 y - a wand of flame (20)
Scrolls
 b - a scroll of poison
 c - 2 scrolls of vulnerability {unknown}
 e - a scroll of identify {unknown}
 g - a scroll of blinking {unknown}
 h - 2 scrolls of immolation {unknown}
 j - a scroll of silence {unknown}
 l - 2 scrolls of fog {unknown}
 m - a scroll of amnesia {unknown}
 p - 2 scrolls of fear {unknown}
 t - 3 scrolls of revelation {unknown}
 u - 2 scrolls of teleportation {unknown}
 B - 2 scrolls of torment {unknown}
Potions
 d - 2 potions of mutation
 i - 4 potions of curing
 k - 2 potions of brilliance {unknown}
 n - 2 potions of lignification {unknown}
 r - a potion of attraction {unknown}
 z - 3 potions of enlightenment {unknown}
 C - a potion of degeneration {unknown}


   Skills:
 + Level 3.6 Fighting
 + Level 2.4 Short Blades
 + Level 2.4 Long Blades
 + Level 2.4 Axes
 + Level 2.4 Maces & Flails
 + Level 2.4 Polearms
 + Level 2.4 Staves
 + Level 5.2 Ranged Weapons
 + Level 2.4 Throwing
 + Level 2.4 Armour
 + Level 5.2 Dodging
 + Level 2.4 Stealth
 + Level 2.4 Shields
 + Level 2.4 Unarmed Combat
 + Level 3.8 Spellcasting
 + Level 2.0 Conjurations
 + Level 5.8 Hexes
 + Level 2.0 Summonings
 + Level 2.0 Necromancy
 + Level 2.0 Translocations
 + Level 3.0 Fire Magic
 + Level 2.0 Ice Magic
 + Level 2.0 Air Magic
 + Level 2.0 Earth Magic
 + Level 2.0 Alchemy
 + Level 2.7 Invocations
 + Level 2.4 Evocations
 + Level 2.2 Shapeshifting


You had 8 spell levels left.
You knew the following spells:

 Your Spells              Type           Power      Damage    Failure   Level
a - Jinxbite              Hex            40%        N/A       3%          2
b - Sigil of Binding      Hex            20%        N/A       8%          3

Your spell library contained the following spells:

 Spells                   Type           Power      Damage    Failure   Level
 Magic Dart               Conj           32%        1d4       12%         1
 Inner Flame              Hex/Fire       16%        N/A       13%         3
 Blink                    Tloc           16%        N/A       19%         2
 Call Imp                 Summ           16%        N/A       19%         2
 Lesser Beckoning         Tloc           16%        N/A       19%         2
 Momentum Strike          Conj/Tloc      16%        3d8       19%         2
 Cause Fear               Hex            10%        N/A       24%         4
 Dimensional Bullseye     Hex/Tloc       7%         N/A       47%         4


Dungeon Overview and Level Annotations

Branches:
Dungeon (4/15)
 Temple: D:4-7

Altars:
Okawaru
Vehumet

Annotations:
D:1 exclusion: downstairs


Innate Abilities, Weirdness & Mutations

You have very sharp teeth.
Your uncanny sense of smell can sniff out nearby items.
Your experience applies equally to all skills.
You have a pair of small horns on your head.
You possess an exceptional clarity of mind.
You are clumsy. (Dex -2)


Message History

Okay, then.
Found a stone staircase leading down.
Your magical contamination has completely faded away.
You start resting.
An orc warrior is nearby!
An orc comes into view. It is wielding a +0 hand axe.
An orc priest comes into view. It is wielding a +0 trident.
A white imp comes into view.
You see here a scroll labelled CUFERR ARGHI.
c - 2 scrolls labelled CUFERR ARGHI (gained 1)
The white imp shouts, "Get thee hence, thou rank sheep-biting efter!"
The white imp gestures at you. The puff of frost misses you.
You puncture the white imp! You headbutt the white imp.
The white imp is almost dead.
The white imp hits you but does no damage.
You hit the white imp.
You kill the white imp!
Your Fire Magic skill increases to level 3!
Casting: Sigil of Binding (dangerous; 8% risk of failure)
Confirm with . or Enter, or press ? or * to list all spells.
You inscribe a pair of binding sigils.
The orc warrior hits you from afar with a +0 glaive.
Found 8 gold pieces.
Found two stone staircases leading up.
An orc comes into view.
It is wielding a +0 whip and quivering poisoned darts.
The orc warrior attacks as it pursues you!
The orc warrior hits you from afar with a +0 glaive.
* * * LOW HITPOINT WARNING * * *
The orc warrior attacks as it pursues you!
The orc warrior hits you but does no damage.
An iguana comes into view.
Found a leather armour.
The orc warrior attacks as it pursues you!
The orc warrior barely misses you.
Found 2 gold pieces.
The iguana hisses angrily.
The orc warrior attacks as it pursues you!
The orc warrior hits you from afar with a +0 glaive!!
You die...

.......##....# ....
$............##.........
........................
.....#..........#.......
....###........##...[...
.....##^.......#.$......
....##.........#.l......
...#####......##........
........^.....o.@.......
......o.#..##....<......
).###..##..####.......#.
)## #..##...# ......#...
.# #.#.##..#....<..# ..
## .....##........... #
###..........###..##
#.....#...# ..# # ..#..


You could see an orc warrior and an iguana.

Vanquished Creatures
  An ice beast (D:7)
  A scorpion (D:4)
  A bombardier beetle (D:4)
  An orc priest (D:7)
  Natasha (thrice) (D:2)
  2 orc wizards (D:7)
  Robin (D:2)
  6 adders
  3 gnolls
  A white imp (D:7)
  3 dart slugs
  A ribbon worm (D:4)
  7 orcs
  8 ball pythons
  4 bats
  2 endoplasms (D:2)
  A giant cockroach (D:1)
  12 goblins
  6 hobgoblins
  3 jackals
  2 kobolds
  3 quokkas
  4 frilled lizards
  4 rats
80 creatures vanquished.

Notes
Turn   | Place    | Note
-------+----------+-------------------------------------------
     0 | D:1      | whatisthis the Gnoll Hexslinger began the quest for the
                  | Orb.
     0 | D:1      | Reached XP level 1. HP: 17/17 MP: 4/4
   343 | D:1      | Reached XP level 2. HP: 23/23 MP: 5/5
   565 | D:1      | Reached XP level 3. HP: 26/28 MP: 7/7
   853 | D:2      | Noticed Sigmund
  1023 | D:2      | Found a faded altar of an unknown god.
  1050 | D:1      | Reached skill level 1 in Invocations
  1146 | D:1      | Reached skill level 1 in Short Blades
  1146 | D:1      | Reached skill level 1 in Long Blades
  1146 | D:1      | Reached skill level 1 in Axes
  1146 | D:1      | Reached skill level 1 in Maces & Flails
  1146 | D:1      | Reached skill level 1 in Polearms
  1146 | D:1      | Reached skill level 1 in Staves
  1146 | D:1      | Reached skill level 1 in Throwing
  1146 | D:1      | Reached skill level 1 in Armour
  1146 | D:1      | Reached skill level 1 in Stealth
  1146 | D:1      | Reached skill level 1 in Shields
  1146 | D:1      | Reached skill level 1 in Unarmed Combat
  1146 | D:1      | Reached skill level 1 in Evocations
  1428 | D:2      | Reached skill level 1 in Shapeshifting
  1428 | D:2      | Reached XP level 4. HP: 25/34 MP: 8/8
  1567 | D:2      | Learned a level 2 spell: Jinxbite
  1584 | D:2      | Noticed Natasha
  1596 | D:2      | Killed Natasha
  1597 | D:2      | Reached skill level 1 in Conjurations
  1597 | D:2      | Reached skill level 1 in Summonings
  1597 | D:2      | Reached skill level 1 in Necromancy
  1597 | D:2      | Reached skill level 1 in Translocations
  1597 | D:2      | Reached skill level 1 in Ice Magic
  1597 | D:2      | Reached skill level 1 in Air Magic
  1597 | D:2      | Reached skill level 1 in Earth Magic
  1597 | D:2      | Reached skill level 1 in Alchemy
  1742 | D:2      | Noticed Natasha
  1749 | D:2      | Killed Natasha
  1750 | D:2      | Reached XP level 5. HP: 40/40 MP: 6/9
  1772 | D:2      | Noticed Natasha
  1777 | D:2      | Killed Natasha
  1864 | D:2      | Noticed Robin
  2004 | D:2      | Killed Robin
  2022 | D:2      | Sigmund changed into Sigmund the endoplasm
  2022 | D:2      | Noticed Sigmund
  2024 | D:2      | Killed Sigmund the endoplasm
  2516 | D:3      | Identified the +3 spear of the Hurling Wasp {venom, rCorr
                  | Int+2}
  2551 | D:3      | Found a radiant altar of Vehumet.
  2648 | D:3      | Reached XP level 6. HP: 47/47 MP: 11/11
  2906 | D:4      | Learned a level 3 spell: Sigil of Binding
  3051 | D:4      | Found an iron altar of Okawaru.
  3237 | D:4      | Reached skill level 5 in Ranged Weapons
  3237 | D:4      | Reached skill level 5 in Dodging
  3335 | D:4      | You fall into a shaft and drop 3 floors!
  3357 | D:7      | Noticed an ice beast
  3377 | D:7      | HP: 2/47 [ice beast (11)]
  3378 | D:7      | Noticed an orc warrior
  3384 | D:7      | Gained mutation: You are clumsy. (Dex -2) [potion of
                  | mutation]
  3384 | D:7      | Gained mutation: You possess an exceptional clarity of
                  | mind. [potion of mutation]
  3384 | D:7      | Gained mutation: You have a pair of small horns on your
                  | head. [potion of mutation]
  3385 | D:7      | Killed an ice beast
  3386 | D:7      | Reached XP level 7. HP: 10/52 MP: 0/12
  3425 | D:7      | Slain by an orc warrior

Illustrated notes

Levels and vault maps discovered:
D:1:      dpeg_arrival_boxes_within_box, layout_loops_cross,
          palyth_stone_intersect, minmay_tromino_v4_c
D:2:      layout_basic, hellmonk_ecumenical_altar_crossroads, st_stairs_7,
          chequers_mini_garden, uniq_sigmund, uniq_robin, uniq_natasha,
          uniq_crazy_yiuf_cottage
D:3:      layout_basic, vehumet_altar_wand_db
D:4:      layout_rooms, mainiacjoe_overflow_24_doors
D:7:      layout_cave_pools, worldfamousw_hep_ancestral_shrine, serial_shops,
          nicolae_shop_peninsula, uniq_duvessa

Skill      XL: |  1  2  3  4  5  6  7 |
---------------+----------------------+-----
Fire Magic     | 2 3 |  3.0
Invocations    | 1 2 |  2.7
Short Blades   | 1 2 |  2.4
Long Blades    | 1 2 |  2.4
Axes           | 1 2 |  2.4
Maces & Flails | 1 2 |  2.4
Polearms       | 1 2 |  2.4
Staves         | 1 2 |  2.4
Throwing       | 1 2 |  2.4
Armour         | 1 2 |  2.4
Stealth        | 1 2 |  2.4
Shields        | 1 2 |  2.4
Unarmed Combat | 1 2 |  2.4
Evocations     | 1 2 |  2.4
Spellcasting   | 3 |  3.8
Shapeshifting  | 1 2 |  2.2
Conjurations   | 1 2 |  2.0
Summonings     | 1 2 |  2.0
Necromancy     | 1 2 |  2.0
Translocations | 1 2 |  2.0
Ice Magic      | 1 2 |  2.0
Air Magic      | 1 2 |  2.0
Earth Magic    | 1 2 |  2.0
Alchemy        | 1 2 |  2.0
Fighting       | 3 |  3.6
Ranged Weapons | 5 |  5.2
Dodging        | 5 |  5.2
Hexes          | |  5.8

Action                     |  1- 3 |  4- 6 |  7- 9 || total
---------------------------+-------+-------+-------++-------
  Melee: Unarmed           |       |     2 |       ||     2
         Spear             |       |     9 |     2 ||    11
         Bite              |       |     2 |       ||     2
         Headbutt          |       |     1 |     1 ||     2
         Punch             |       |     1 |       ||     1
   Fire: Sling             |   111 |   122 |       ||   233
   Cast: Jinxbite          |       |    21 |       ||    21
         Sigil of Binding  |       |     5 |     1 ||     6
  Evoke: Wand              |       |     2 |       ||     2
    Use: Potion            |       |     2 |       ||     2
 Armour: Robe              |    10 |       |       ||    10
         Leather armour    |    38 |    48 |     5 ||    91
         Skin              |       |     1 |       ||     1
  Dodge: Dodged            |    41 |    64 |     2 ||   107

Table legend: (Time is in decaauts)
 A = Elapsed time spent in this place.
 B = Non-inter-level travel time spent in this place.
 C = Inter-level travel time spent in this place.
 D = Time resting spent in this place.
 E = Time spent auto-exploring this place.
 F = Levels seen in this place.
 G = Mean time per level.
                   A        B        C        D        E       F      G
               +--------+--------+--------+--------+--------+-----+--------+
         Total |   3480 |   3319 |    161 |    737 |    930 |   5 |  696.0 |
       Dungeon |   3480 |   3319 |    161 |    737 |    930 |   5 |  696.0 |
               +--------+--------+--------+--------+--------+-----+--------+

Top non-repeatable levels by time:
     D:1: 1272 daAuts
     D:2: 1132 daAuts
     D:3: 523 daAuts
     D:4: 461 daAuts
     D:7: 91 daAuts
